 Dungeon Crawl Stone Soup version 0.31-a0-175-g9f7f995f2b (webtiles) character file.

Game seed: 7834217485720777453

4407 qw the Cleaver (level 10, 0/63 HPs)
             Began as a Gargoyle Fighter on June 17, 2023.
             Was a Believer of Okawaru.
             Slain by Harold
             ... wielding a +3 long sword of protection
              (22 damage)
             ... on level 7 of the Dungeon.
             The game lasted 00:04:04 (8042 turns).

qw the Cleaver (Gargoyle Fighter)                   Turns: 8042, Time: 00:04:04

Health: 0/63       AC: 26    Str: 24    XL:     10   Next: 36%
Magic:  12/13      EV:  9    Int:  9    God:    Okawaru [**....]
Gold:   601        SH:  6    Dex:  9    Spells: 9/9 levels left

rFire   . . .        Y - +5 war axe
rCold   . . .        c - +0 buckler
rNeg    + . .        k - +0 plate armour
rPois   inf          g - +1 helmet
rElec   +            d - +0 cloak
rCorr   .            (no gloves)
SInv    .            (no boots)
Will    .....        (no amulet) Stlth
                     (no ring)
HPRegen 0.30/turn    (no ring)
MPRegen 0.13/turn

%: no passive effects
@: heroic, marked
A: sickness immunity, AC +7, negative energy resistance 1, electricity
resistance, torment resistance 1, petrification resistance
a: Renounce Religion, Heroism


You were on level 7 of the Dungeon.
You worshipped Okawaru.
Okawaru was pleased with you.
You visited 2 branches of the dungeon, and saw 10 of its levels.
You also visited: Sewer.

You collected 601 gold pieces.


Innate Abilities, Weirdness & Mutations

You are immune to sickness and miasma.
Your stone body is resilient. (AC +7)
You are immune to poison.
You resist negative energy. (rN+)
You are resistant to electric shocks. (rElec)
You are resistant to unholy torment.
You are immune to petrification.


   Skills:
 + Level 7.6(12.6) Fighting
 - Level 10.0(15.0) Axes
 - Level 1.2(6.2) Throwing
 - Level 7.1(12.1) Armour
 - Level 1.9(6.9) Dodging
 - Level 4.3(9.3) Shields
 - Level 4.0 Invocations


You had 9 spell levels left.
You didn't know any spells.
Your spell library was empty.

Inventory:

Hand Weapons
 b - a +0 hand axe of flaming
 Y - a +5 war axe (weapon)
Armour
 c - a +0 buckler (worn)
 d - a +0 cloak (worn)
 g - a +1 helmet (worn)
 k - a +0 plate armour (worn)
Scrolls
 a - 2 scrolls of teleportation
 f - a scroll of identify
Potions
 e - a potion of cancellation
 h - 3 potions of enlightenment
 i - a potion of mutation
 j - a potion of resistance
 l - 4 potions of lignification

Dungeon Overview and Level Annotations

Branches:
Dungeon (9/15)             Temple (1/1) D:7           Sewer (visited)
   Lair: D:8-11         Orc: D:9-12

Altars:
Ashenzari
Cheibriados
Dithmenos
Elyvilon
Fedhas
Gozag
Hepliaklqana
Kikubaaqudgha
Makhleb
Nemelex Xobeh
Okawaru
Qazlal
Ru
Sif Muna
Trog
Uskayaw
Vehumet
Wu Jian
Xom
Zin
The Shining One

Annotations:
D:3 3 runed translucent doors, qw's ghost, amateur GrHu
D:7 Harold


Message History

Harold says, "Do you have any idea what people are willing to pay to have you killed, qw?"
Harold hits you with a +3 long sword of protection!
8038 ||| STAIRDANCE You block Harold's attack.
You climb upwards.
There is a stone staircase leading down here.
Enter note:
Enter note:
Enter note:
Enter note:
Enter note:
Enter note:
Enter note:
Enter note:
Enter note:
Enter note:
Enter note:
Enter note:
Enter note:
Enter note:
Enter note:
Enter note:
Enter note:
Enter note:
Enter note:
Enter note:
Enter note:
Enter note:
Enter note:
Enter note:
Enter note: You hit Harold but do no damage.
Harold is lightly wounded.
You slash Harold!
Harold is lightly wounded.
Harold barely misses you.
You hit Harold but do no damage.
Harold is lightly wounded.
Harold hits you with a +3 long sword of protection!!
You die...

....####.....#.#.# ##.#####.....
.............#.#.#####.#####.....
....##....#....#.................
######....#....####.##########.#.
#....'......##.# #.#.
#....####...##.# #.#. #../.#
##.....# #.#. ###### ##.@### #.#.
#@## #.#. ### #.#. #.## #... ####


You could see Harold.

Vanquished Creatures
  Maurice (D:8)
  Joseph (D:8)
  Eustachio (D:5)
  A basilisk (D:9)
  3 yaks (D:9)
  A steam dragon (D:9)
  An acid dragon (D:8)
  A water moccasin (D:9)
  Duvessa (D:5)
  Pargi (Sewer)
  A sky beast (D:6)
  A black bear (D:8)
  An ice beast (D:6)
  2 centaurs
  2 phantoms
  3 bullfrogs
  A scorpion (D:6)
  16 wights
  Dowan (D:5)
  3 killer bees (D:8)
  A gnoll bouda (D:8)
  2 jellies
  3 orc priests
  2 hounds
  Ijyb (D:5)
  4 iguanas
  An orc wizard (D:6)
  Robin (D:2)
  5 gnolls (D:8)
  8 adders
  2 shadow imps
  A white imp (D:6)
  3 worms
  3 dart slugs
  12 orcs
  8 ball pythons
  5 endoplasms
  6 giant cockroaches
  15 goblins
  14 hobgoblins
  8 jackals
  8 kobolds
  3 quokkas
  11 bats
  2 frilled lizards
  4 rats
176 creatures vanquished.

Notes
Turn   | Place    | Note
-------+----------+-------------------------------------------
     0 | D:1      | qw the Gargoyle Fighter began the quest for the Orb.
     0 | D:1      | Reached XP level 1. HP: 14/14 MP: 1/1
     0 | D:1      | 0 ||| qw: Version: 0.3-a-2-g5ab2908
     0 | D:1      | 0 ||| qw: Game counter: 313
     0 | D:1      | 0 ||| qw: Always use a shield: true
     0 | D:1      | 0 ||| qw: God list: Okawaru
     0 | D:1      | 0 ||| qw: Allow faded altars: false
     0 | D:1      | 0 ||| qw: Do Orc after D:15 true
     0 | D:1      | 0 ||| qw: Do second Lair branch before Depths: true
     0 | D:1      | 0 ||| qw: Lair rune preference: random
     0 | D:1      | 0 ||| qw: Plans: Normal, Zot:1-4, Slime:5, God:TSO, Crypt,
                  | Tomb, Abyss, Pan, Hells, Win
     0 | D:1      | 0 ||| PLANNING D:1-11
    41 | D:1      | Reached skill level 2 in Axes
   142 | D:1      | Reached XP level 2. HP: 19/19 MP: 2/2
   411 | D:1      | 411 ||| Stepping ~*~*~tactically~*~*~ (stealth).
   499 | D:1      | 499 ||| DROPPING +0 club.
   844 | D:1      | Reached skill level 3 in Axes
   945 | D:1      | 945 ||| UPGRADING to +0 plate armour.
   955 | D:1      | 955 ||| DROPPING +0 scale mail.
   956 | D:1      | 956 ||| READING 2 scrolls labelled VIDUNU PUTZ.
   960 | D:1      | 960 ||| READING 3 scrolls labelled ELIDIEDELL.
   961 | D:1      | 961 ||| READING scroll labelled YTTIVO NIGUHA.
   962 | D:1      | 962 ||| READING scroll labelled TAYTUU DISIERU.
   963 | D:1      | 963 ||| READING 2 scrolls of identify.
   963 | D:1      | 963 ||| IDENTIFYING lumpy puce potion
  1001 | D:2      | Reached XP level 3. HP: 23/23 MP: 3/3
  1159 | D:2      | 1159 ||| Stepping ~*~*~tactically~*~*~ (stealth).
  1162 | D:2      | 1162 ||| Stepping ~*~*~tactically~*~*~ (stealth).
  1356 | D:2      | Reached XP level 4. HP: 28/28 MP: 4/4
  1498 | D:2      | Reached skill level 4 in Axes
  1782 | D:2      | 1782 ||| Stepping ~*~*~tactically~*~*~ (stealth).
  1785 | D:2      | 1785 ||| Stepping ~*~*~tactically~*~*~ (stealth).
  1830 | D:2      | Noticed Robin
  1838 | D:2      | Reached XP level 5. HP: 15/32 MP: 5/5
  1845 | D:2      | Killed Robin
  1996 | D:2      | 1996 ||| Stepping ~*~*~tactically~*~*~ (stealth).
  2083 | D:2      | 2083 ||| UPGRADING to +0 helmet.
  2088 | D:2      | 2088 ||| DROPPING ring of wizardry.
  2089 | D:2      | 2089 ||| READING scroll labelled BOUSEO TOMM.
  2181 | D:3      | Found a sacrificial altar of Ru.
  2329 | D:3      | Found an ornate altar of the Wu Jian Council.
  2498 | D:3      | Found a runed translucent gate.
  2498 | D:3      | Found a runed translucent gate.
  2498 | D:3      | Found a runed translucent gate.
  2499 | D:3      | Noticed qw's ghost (amateur GrHu)
  2642 | D:3      | 2642 ||| DROPPING ring of magical power.
  2667 | D:4      | 2667 ||| PLANNING SEWER
  2715 | D:4      | 2715 ||| Stepping ~*~*~tactically~*~*~ (hiding).
  2784 | D:4      | 2784 ||| Stepping ~*~*~tactically~*~*~ (stealth).
  2786 | D:4      | 2786 ||| Stepping ~*~*~tactically~*~*~ (stealth).
  2798 | D:4      | Reached skill level 5 in Axes
  2808 | D:4      | Found a glowing drain.
  2824 | D:4      | 2824 ||| Stepping ~*~*~tactically~*~*~ (water).
  2837 | Sewer    | Entered a sewer
  2878 | Sewer    | Noticed Pargi
  2887 | Sewer    | Killed Pargi
  2888 | Sewer    | Reached XP level 6. HP: 36/40 MP: 6/6
  2934 | Sewer    | 2934 ||| READING 3 scrolls of identify.
  2934 | Sewer    | 2934 ||| IDENTIFYING lumpy black potion
  2935 | Sewer    | 2935 ||| READING 2 scrolls of identify.
  2935 | Sewer    | 2935 ||| IDENTIFYING murky dark potion
  2944 | D:4      | 2944 ||| PLANNING D:1-11
  3073 | D:4      | 3073 ||| Stepping ~*~*~tactically~*~*~ (hiding).
  3075 | D:4      | 3075 ||| Stepping ~*~*~tactically~*~*~ (hiding).
  3317 | D:4      | 3317 ||| READING scroll labelled ETAKKU SIAGHUH.
  3318 | D:4      | 3318 ||| READING scroll labelled JUBIPHA OZAA.
  3319 | D:4      | 3319 ||| READING scroll labelled HEIGEG WADWEKH.
  3320 | D:4      | 3320 ||| READING 2 scrolls of identify.
  3320 | D:4      | 3320 ||| IDENTIFYING coppery potion
  3321 | D:4      | 3321 ||| DROPPING potion of ambrosia.
  3355 | D:4      | 3355 ||| FLEEEEING.
  3356 | D:4      | 3356 ||| FLEEEEING.
  3432 | D:4      | 3432 ||| Stepping ~*~*~tactically~*~*~ (hiding).
  3442 | D:4      | Found a snail-covered altar of Cheibriados.
  3557 | D:4      | Found a bloodstained altar of Trog.
  3768 | D:4      | 3768 ||| READING scroll labelled QUIRGH MEOW.
  3769 | D:4      | 3769 ||| READING scroll labelled MEUN KAVAZITOKIY.
  3793 | D:5      | Entered Level 5 of the Dungeon
  3816 | D:5      | Noticed Eustachio
  3834 | D:5      | Killed Eustachio
  3835 | D:5      | Reached skill level 6 in Axes
  3835 | D:5      | Reached XP level 7. HP: 34/44 MP: 7/7
  3946 | D:5      | Noticed Duvessa
  3946 | D:5      | Noticed Dowan
  3959 | D:5      | Killed Duvessa
  3961 | D:5      | Killed Dowan
  4192 | D:5      | Noticed Ijyb
  4221 | D:5      | Killed Ijyb
  4302 | D:5      | 4302 ||| Stepping ~*~*~tactically~*~*~ (hiding).
  4303 | D:5      | 4303 ||| Stepping ~*~*~tactically~*~*~ (hiding).
  4312 | D:5      | Reached skill level 7 in Axes
  4502 | D:5      | Reached XP level 8. HP: 46/49 MP: 8/8
  4708 | D:5      | 4708 ||| DROPPING +0 mace.
  4820 | D:6      | Reached skill level 1 in Dodging
  5114 | D:6      | Reached skill level 1 in Throwing
  5149 | D:6      | 5149 ||| Stepping ~*~*~tactically~*~*~ (hiding).
  5296 | D:6      | Reached skill level 8 in Axes
  5718 | D:6      | 5718 ||| READING 2 scrolls of identify.
  5718 | D:6      | 5718 ||| IDENTIFYING clear potion
  5848 | D:7      | Reached skill level 6 in Fighting
  5922 | D:7      | Found a staircase to the Ecumenical Temple.
  5923 | D:7      | 5923 ||| PLANNING TEMPLE
  5933 | Temple   | Entered the Ecumenical Temple
  5934 | Temple   | 5934 ||| PLANNING OKAWARU WORSHIP
  5940 | Temple   | Became a worshipper of Warmaster Okawaru
  5941 | Temple   | 5941 ||| PLANNING D:1-11
  6048 | D:7      | 6048 ||| READING scroll of enchant armour.
  6048 | D:7      | 6048 ||| ENCHANTING +0 helmet.
  6056 | D:7      | 6056 ||| Stepping ~*~*~tactically~*~*~ (stealth).
  6100 | D:7      | Reached XP level 9. HP: 51/56 MP: 9/9
  6596 | D:7      | Reached skill level 9 in Axes
  6918 | D:8      | Reached * piety under Okawaru
  6924 | D:8      | 6924 ||| Stepping ~*~*~tactically~*~*~ (water).
  6946 | D:8      | Reached skill level 1 in Invocations
  7021 | D:8      | Noticed Maurice
  7022 | D:8      | 7022 ||| Stepping ~*~*~tactically~*~*~ (hiding).
  7023 | D:8      | 7023 ||| Stepping ~*~*~tactically~*~*~ (hiding).
  7044 | D:8      | HP: 12/56 [something (12)]
  7045 | D:8      | HP: 3/56 [something (9)]
  7047 | D:8      | Killed Maurice
  7247 | D:8      | Reached skill level 3 in Invocations
  7250 | D:8      | 7250 ||| INVOKING Heroism.
  7271 | D:8      | 7271 ||| INVOKING Heroism.
  7299 | D:8      | Noticed Joseph
  7300 | D:8      | 7300 ||| FLEEEEING.
  7376 | D:8      | 7376 ||| SWAPPING to +4 war axe.
  7377 | D:8      | 7377 ||| DROPPING +0 war axe of freezing.
  7397 | D:8      | 7397 ||| INVOKING Heroism.
  7406 | D:8      | Killed Joseph
  7407 | D:8      | Reached XP level 10. HP: 42/63 MP: 11/13
  7567 | D:8      | 7567 ||| INVOKING Heroism.
  7968 | D:8      | 7968 ||| UPGRADING to +0 cloak.
  7973 | D:8      | 7973 ||| READING scroll labelled GIUMEE VOUX.
  7974 | D:8      | 7974 ||| READING 3 scrolls of identify.
  7974 | D:8      | 7974 ||| IDENTIFYING white potion
  7975 | D:8      | 7975 ||| READING 2 scrolls of identify.
  7975 | D:8      | 7975 ||| IDENTIFYING pink potion
  7980 | D:9      | 7980 ||| INVOKING Heroism.
  7983 | D:9      | Noticed Harold
  7992 | D:9      | Reached ** piety under Okawaru
  7998 | D:9      | Reached skill level 10 in Axes
  7998 | D:9      | 7998 ||| STAIRDANCE
  8000 | D:8      | 8000 ||| INVOKING Heroism.
  8001 | D:8      | HP: 14/63 [Harold/+3 long sword of protection (11)]
  8002 | D:8      | 8002 ||| READING 3 scrolls of teleportation.
  8002 | D:8      | HP: 4/63 [Harold/+3 long sword of protection (10)]
  8003 | D:8      | 8003 ||| DRINKING potion of heal wounds.
  8029 | D:8      | 8029 ||| FLEEEEING.
  8030 | D:8      | 8030 ||| STAIRDANCE
  8031 | D:8      | 8031 ||| INVOKING Heroism.
  8038 | D:8      | 8038 ||| STAIRDANCE
  8042 | D:7      | Slain by Harold

Levels and vault maps discovered:
D:1:      giann_bridges, layout_loops_corners, due_unseen_surprise
D:2:      minmay_angry_zag, layout_basic, uniq_robin
D:3:      layout_basic, lemuel_tele_altar, nicolae_ru_path_of_blood,
          gammafunk_ghost_necromancy
D:4:      minmay_spotlight, layout_cave_pools, trog_book,
          kennysheep_slug_shrine, cheibrodos_sewer_entry_drain,
          minmay_quadrilaterals
D:5:      layout_loops_corners, uniq_eustachio, uniq_ijyb, uniq_duvessa
D:6:      layout_loops_cross
D:7:      layout_basic, minmay_temple_entry_junction_2
D:8:      layout_basic, uniq_maurice, uniq_joseph
D:9:      layout_long_grid, mainiacjoe_overflow_boulevard,
          minmay_lair_entry_grove, david_orc_1_choice, uniq_harold
Temple:   sentei_temple_godly_chess

Skill      XL: |  1  2  3  4  5  6  7  8  9 10 |
---------------+-------------------------------+-----
Axes           | 2 3 4 5 6 7 8 9 10 | 10.0
Fighting       | 4 5 6 7 |  7.6
Armour         | 4 5 7 |  7.1
Dodging        | 1 |  1.9
Throwing       | 1 |  1.2
Shields        | 4 |  4.3
Invocations    | 4 |  4.0

Action                     |  1- 3 |  4- 6 |  7- 9 | 10-12 || total
---------------------------+-------+-------+-------+-------++-------
  Melee: War axe           |   118 |   229 |   279 |    50 ||   676
  Throw: Boomerang         |       |     6 |    31 |       ||    37
 Invoke: Heroism           |       |       |     3 |     4 ||     7
    Use: Scroll            |     5 |     9 |     2 |     4 ||    20
         Potion            |       |       |       |     1 ||     1
 Armour: Scale mail        |    18 |       |       |       ||    18
         Plate armour      |    44 |   206 |   218 |    39 ||   507
  Dodge: Dodged            |    52 |   100 |    88 |    26 ||   266
  Block: Buckler           |    24 |    54 |    55 |    21 ||   154

Table legend:
 A = Non-vault XP
 B = Vault XP
 C = Vault XP percentage of total XP
 D = Non-vault monster count
 E = Vault monster count
 F = Vault count percentage of total count
                 A         B        C        D         E       F
            +---------+---------+-------+---------+---------+-------
      Total |    4114 |    2183 |  34.7 |     128 |      48 |  27.3
            +---------+---------+-------+---------+---------+-------
        D:1 |      33 |       0 |   0.0 |      19 |       0 |   0.0
        D:2 |      92 |      59 |  39.1 |      25 |      17 |  40.5
        D:3 |      32 |       0 |   0.0 |       8 |       0 |   0.0
        D:4 |      15 |     114 |  88.4 |       9 |      16 |  64.0
        D:5 |     303 |     446 |  59.5 |       6 |       4 |  40.0
        D:6 |     749 |       0 |   0.0 |      20 |       0 |   0.0
        D:7 |     947 |       0 |   0.0 |      16 |       0 |   0.0
        D:8 |    1167 |    1063 |  47.7 |      21 |       3 |  12.5
        D:9 |     776 |     353 |  31.3 |       4 |       2 |  33.3
      Sewer |       0 |     148 | 100.0 |       0 |       6 | 100.0
            +---------+---------+-------+---------+---------+-------
